Map: Lerilak Crest

Players

PtitDrogo - Winner!

  • Race: Protoss Protoss
  • League: Master

Lambo

  • Race: Zerg Zerg
  • League: Grandmaster

Event: Homestory Cup XII

VOD

Have the link to the VOD?

Description

Time

  • Played on: Dec. 17, 2015, 1:41 p.m.
  • Length: 10:17

All games in this series

Show
View Real Time Build Order
Export as new Build Order

PtitDrogo Protoss - Winner!

Build Orders: Nexus First, Zealot Archon 

Get SALT Encoding   

  12  0:01  Probe (Chrono Boost)  
  13  0:11  Probe (Chrono Boost)  
  14  0:17  Pylon  
  14  0:22  Probe (Chrono Boost)  
  15  0:35  Probe (Chrono Boost)  
  16  0:46  Probe (Chrono Boost)  
  17  0:56  Probe (Chrono Boost)  
  18  1:03  Nexus  
  18  1:13  Gateway  
  18  1:17  Probe (Chrono Boost)  
  19  1:25  Assimilator  
  19  1:28  Probe (Chrono Boost)  
  19  1:31  Assimilator  
  20  1:38  Probe (Chrono Boost)  
  21  1:42  Gateway  
  21  1:49  Probe (Chrono Boost)  
  22  2:00  Probe (Chrono Boost)  
  23  2:02  Cybernetics Core  
  23  2:15  Probe (Chrono Boost)  
  24  2:16  Probe (Chrono Boost)  
  25  2:26  Probe x2 (Chrono Boost)  
  27  2:36  Probe (Chrono Boost)  
  28  2:38  Stalker x2 (Chrono Boost)  
  28  2:40  Warp Gate  
  28  2:43  Mothership Core (Chrono Boost)  
  34  2:47  Probe  
  34  2:48  Pylon  
  35  3:00  Probe (Chrono Boost)  
  35  3:04  Probe (Chrono Boost)  
  37  3:11  Probe (Chrono Boost)  
  38  3:15  Probe (Chrono Boost)  
  38  3:16  Pylon  
  39  3:24  Probe (Chrono Boost)  
  39  3:25  Stalker x2  
  39  3:27  Probe (Chrono Boost)  
  45  3:35  Probe (Chrono Boost)  
  45  3:37  Probe (Chrono Boost)  
  47  3:42  Pylon  
  47  3:45  Probe (Chrono Boost)  
  47  3:48  Probe (Chrono Boost)  
  49  3:56  Probe (Chrono Boost)  
  49  3:58  Probe (Chrono Boost)  
  49  3:59  Sentry, Nexus  
  49  4:00  Sentry, Pylon  
  55  4:06  Probe (Chrono Boost)  
  55  4:07  Assimilator  
  55  4:09  Probe (Chrono Boost)  
  57  4:10  Assimilator  
  58  4:17  Probe (Chrono Boost)  
  58  4:19  Probe (Chrono Boost)  
  58  4:22  Gateway  
  59  4:27  Probe (Chrono Boost)  
  59  4:29  Gateway  
  59  4:30  Probe (Chrono Boost)  
  61  4:38  Probe (Chrono Boost)  
  62  4:40  Probe (Chrono Boost)  
  63  4:50  Pylon  
  63  4:55  Pylon  
  63  5:05  Pylon x2  
  63  5:09  Probe x2 (Chrono Boost)  
  63  5:10  Sentry  
  63  5:11  Sentry  
  69  5:16  Forge, Robotics Facility  
  69  5:17  Probe (Chrono Boost)  
  69  5:18  Twilight Council  
  69  5:19  Probe x2 (Chrono Boost)  
  72  5:28  Probe (Chrono Boost)  
  73  5:30  Probe x2 (Chrono Boost)  
  73  5:33  Assimilator  
  73  5:35  Assimilator  
  75  5:38  Probe (Chrono Boost)  
  75  5:40  Probe x2 (Chrono Boost)  
  75  5:42  Sentry x2, Protoss Ground Weapons Level 1  
  82  5:45  Charge (Chrono Boost)  
  82  5:48  Gateway  
  82  5:49  Gateway, Probe (Chrono Boost)  
  83  5:50  Gateway  
  83  5:51  Probe x2 (Chrono Boost), Gateway  
  85  6:00  Phoenix  
  85  6:02  Templar Archives, Probe  
  85  6:03  Probe  
  85  6:04  Probe  
  87  6:06  Observer (Chrono Boost)  
  89  6:14  Pylon  
  89  6:15  Probe, Pylon  
  90  6:26  Gateway  
  90  6:29  Gateway  
  90  6:31  Gateway  
  90  6:36  Zealot x4  
  98  6:50  High Templar x2  
  98  6:51  High Templar x2  
  110  6:56  Archon x2  
  110  6:59  Photon Cannon  
  110  7:00  Pylon  
  110  7:03  Pylon, Warp Prism (Chrono Boost)  
  110  7:04  Pylon  
  108  7:10  Pylon  
  108  7:15  Pylon x2  
  108  7:18  Pylon  
  108  7:23  Photon Cannon  
  108  7:24  High Templar x2  
  108  7:25  Zealot, Pylon, High Templar x2  
  108  7:26  Zealot x6  
  130  7:31  Archon x2  
  127  7:53  Stalker x5  
  127  7:54  Stalker  
  127  7:58  Zealot x4  
  143  8:09  Nexus  
  143  8:17  Stalker x3  
  143  8:18  Stalker  
  135  8:22  Probe  
  135  8:26  High Templar x2  
  130  8:27  Zealot  
  130  8:31  Archon  
  130  8:33  Zealot x2  
  120  8:41  Zealot, High Templar x2  
  112  8:42  Zealot  
  112  8:46  Archon  
  116  8:55  Zealot x4  
  116  9:00  Probe  
  117  9:07  Zealot x3  
  113  9:21  High Templar x2  
  113  9:23  Zealot x3  
  113  9:24  Zealot  
  125  9:25  Archon  
  125  9:30  Zealot, High Templar  
  125  9:31  High Templar  
  131  9:35  Archon  
  131  9:51  Zealot x7  
  131  9:57  Zealot x2  
  125  10:04  High Templar x2  
  125  10:10  Archon  
Show
View Real Time Build Order
Export as new Build Order

Lambo Zerg 

Build Orders: 3 Hatch before Pool 

Get SALT Encoding   

  12  0:00  Drone  
  13  0:12  Overlord  
  13  0:17  Drone  
  14  0:30  Drone x2  
  16  0:36  Drone  
  17  0:47  Drone  
  18  0:57  Hatchery  
  18  0:59  Drone  
  18  1:07  Drone  
  19  1:26  Hatchery  
  19  1:30  Drone  
  19  1:37  Spawning Pool  
  18  1:42  Drone  
  18  1:43  Extractor  
  18  1:44  Drone  
  19  1:51  Drone  
  20  2:01  Drone  
  21  2:10  Drone  
  21  2:12  Drone  
  23  2:22  Drone  
  24  2:24  Queen x2  
  24  2:25  Overlord  
  28  2:43  Queen  
  28  2:44  Metabolic Boost, Drone, Zergling x2  
  31  2:46  Drone  
  31  2:49  Overlord  
  33  2:54  Zergling x2  
  33  2:56  Drone  
  35  3:06  Drone  
  35  3:07  Drone  
  35  3:09  Zergling x2  
  35  3:10  Drone  
  39  3:13  Drone  
  39  3:18  Queen  
  42  3:24  Drone x3  
  45  3:30  Overlord  
  45  3:32  Drone x2  
  45  3:34  Overlord  
  47  3:35  Drone x2, Extractor  
  47  3:39  Overlord  
  48  3:42  Drone x2  
  48  3:45  Overlord  
  49  3:57  Zergling x10  
  49  4:02  Drone x2  
  56  4:06  Roach Warren  
  56  4:08  Overlord  
  55  4:10  Drone x3  
  58  4:20  Zergling x6  
  58  4:23  Drone x3  
  62  4:25  Lair  
  62  4:29  Drone  
  63  4:34  Drone  
  63  4:35  Evolution Chamber  
  63  4:37  Drone x4  
  67  4:42  Drone x3  
  67  4:43  Drone x2  
  67  4:44  Drone  
  72  4:48  Drone x3  
  72  4:52  Drone  
  76  4:55  Extractor  
  76  4:56  Extractor  
  69  5:08  Drone x4  
  69  5:12  Zerg Ground Armor Level 1, Extractor x2  
  69  5:16  Drone x3  
  69  5:17  Drone x3  
  75  5:25  Spire, Roach x2  
  75  5:26  Roach  
  80  5:30  Overlord, Zergling x4  
  82  5:36  Hatchery  
  82  5:39  Zergling x2  
  82  5:40  Overlord, Glial Reconstitution  
  82  5:41  Overlord  
  82  5:50  Overlord  
  82  5:56  Zergling x8  
  86  6:00  Overlord  
  86  6:03  Drone  
  89  6:04  Roach x3, Zergling x4  
  89  6:05  Overseer, Zergling x4  
  97  6:12  Overlord  
  97  6:15  Zergling x14  
  104  6:25  Overlord  
  104  6:28  Overlord  
  104  6:38  Mutalisk x7  
  118  6:41  Mutalisk x2  
  118  6:44  Zergling x2  
  118  6:45  Zergling x6  
  126  6:51  Mutalisk  
  128  6:54  Drone x2  
  128  6:55  Drone  
  131  7:01  Baneling Nest  
  131  7:03  Overlord  
  131  7:04  Zerg Flyer Weapons Level 1  
  131  7:06  Extractor  
  131  7:07  Mutalisk x2  
  133  7:09  Extractor  
  133  7:14  Roach x5  
  141  7:21  Overlord x2  
  141  7:22  Overlord  
  143  7:23  Roach  
  143  7:24  Roach x3  
  151  7:30  Overlord x2  
  151  7:33  Overlord  
  151  7:36  Overlord  
  149  7:43  Roach  
  149  7:44  Roach x8  
  161  7:47  Roach x2  
  161  7:48  Baneling  
  161  7:49  Baneling x3  
  163  7:52  Roach  
  163  7:53  Roach  
  163  7:58  Roach x2  
  163  7:59  Roach x2, Baneling  
  163  8:00  Baneling  
  163  8:02  Roach  
  169  8:06  Roach x3  
  175  8:13  Roach x3  
  175  8:19  Roach x3  
  158  8:23  Zergling x6  
  158  8:24  Zergling x2  
  139  8:28  Roach x3  
  139  8:29  Roach  
  139  8:31  Roach x2  
  138  8:34  Zergling x6  
  138  8:37  Ravager  
  138  8:38  Zergling x6  
  138  8:40  Zergling x2  
  138  8:41  Zergling x2  
  130  8:45  Ravager x3  
  130  8:46  Zergling x8  
  122  8:51  Zergling x4  
  122  8:52  Zergling x4  
  122  8:55  Ravager  
  116  8:57  Roach x2  
  116  9:01  Roach  
  115  9:05  Roach x3  
  115  9:06  Roach, Zergling x6  
  115  9:09  Zergling x4  
  110  9:14  Roach  
  107  9:17  Ravager x3  
  107  9:19  Roach x2  
  107  9:21  Ravager  
  107  9:23  Baneling x5  
  112  9:27  Roach x3  
  112  9:31  Ravager  
  118  9:36  Roach x2  
  122  9:40  Roach, Zergling x2  
  122  9:44  Ravager x2  
  127  9:49  Zergling x18  
  122  9:56  Zergling x4  
Tags
 
Add a new tag
Caveats
  • Supply blocks, unpowered buildings, or Contaminate may cause inaccurate times.
  • Supply counts are checked every 10 seconds.